 Dungeon Crawl Stone Soup version 0.25-a0-589-g1e14c549ee (webtiles) character file.

Game seed: 1345357629421578422, levelgen mode: deterministic

797 Amnesiac the Skirmisher (level 7, -1/76 HPs)
             Began as an Ogre Fighter on Mar 10, 2020.
             Slain by a hippogriff (3 damage)
             ... on level 5 of the Dungeon.
             The game lasted 00:07:34 (5052 turns).

Amnesiac the Skirmisher (Ogre Fighter)              Turns: 5052, Time: 00:07:34

Health: -1/76      AC:  3    Str: 21    XL:     7   Next: 89%
Magic:  0/16       EV:  9    Int:  9    God:
Gold:   129        SH:  9    Dex: 10    Spells: 6/6 levels left

rFire    . . .     SeeInvis .   a - +0 long sword
rCold    . . .     Gourm    .   c - +0 kite shield
rNeg     . . .     Faith    .   l - +0 robe
rPois    .         Spirit   +   (helmet restricted)
rElec    .         Reflect  .   (no cloak)
rCorr    .         Harm     .   (gloves unavailable)
MR       .....                  (boots unavailable)
Stlth    ..........             x - amulet of guardian spirit
HPRegen  0.22/turn              n - ring of attention (curse)
MPRegen  0.15/turn              v - ring of magical power

@: no status effects
A: large, unfitting armour, tough skin 1
a: no special abilities


You were on level 5 of the Dungeon.
You were very hungry.

You visited 1 branch of the dungeon, and saw 5 of its levels.

You collected 204 gold pieces.
You spent 75 gold pieces at shops.

Inventory:

Hand Weapons
 a - a +0 long sword (weapon)
 b - a +0 hunting sling
Missiles
 e - 68 stones
 k - 4 boomerangs (quivered)
 B - 28 sling bullets
Armour
 c - a +0 kite shield (worn)
 l - a +0 robe (worn)
Jewellery
 n - a cursed ring of attention (left hand)
 t - an uncursed ring of flight
 v - a ring of magical power (right hand)
 w - an uncursed ring of protection from magic
 x - an amulet of guardian spirit (around neck)
 y - an uncursed ring of protection from fire {unknown}
Wands
 r - a wand of disintegration (11)
Scrolls
 g - 2 scrolls of identify {!r}
 m - a scroll of fear {!r, unknown}
 q - 3 scrolls of remove curse {!r, unknown}
 s - 2 scrolls of magic mapping {!r, unknown}
 A - 3 scrolls of enchant weapon {!r}
 C - a scroll of immolation {!r, unknown}
 D - a scroll of amnesia {!r, unknown}
 E - a scroll of enchant armour {!r, unknown}
 G - 2 scrolls of noise {!r, unknown}
 I - a scroll of teleportation {!r, unknown}
 K - a scroll of fog {!r, unknown}
Potions
 d - a potion of might {!q}
 h - a potion of berserk rage {!q}
 i - a potion of cancellation {!q, unknown}
 j - 2 potions of flight {!q}
 o - a potion of heal wounds {!q, unknown}
 p - a potion of magic {!q}
 u - 3 potions of invisibility {!q}
 z - 3 potions of lignification {!q, unknown}
 F - a potion of mutation {!q, unknown}
Comestibles
 f - 11 rations


   Skills:
 + Level 6.7 Fighting
 - Level 2.0 Long Blades
 * Level 5.9 Throwing
 - Level 2.6 Dodging
 + Level 4.3 Shields
 + Level 1.1 Evocations


You had 6 spell levels left.
You didn't know any spells.
Your spell library contained the following spells:

 Spells                   Type           Power        Failure   Level  Hunger
 Confusing Touch          Hex            #.......     97%         3    ####...
 Gell's Gravitas          Tloc           #.........   97%         3    ####...
 Petrify                  Tmut/Erth      #.......     100%        4    #####..
 Metabolic Englaciation   Hex/Ice        #.........   100%        5    ######.
 Yara's Violent Unravell  Hex/Tmut       #.........   100%        5    ######.


Dungeon Overview and Level Annotations

Branches:
Dungeon (5/15)
 Temple: D:4-7

Altars:
Kikubaaqudgha
Makhleb
Qazlal
Ru
Uskayaw
Vehumet
Xom
The Shining One

Shops:
D:4 *


Innate Abilities, Weirdness & Mutations

You are too large for most types of armour.
You have tough skin. (AC +1)


Message History

The boomerang barely misses the hippogriff.
The hippogriff closely misses you. x2; The hippogriff claws you.
* * * LOW HITPOINT WARNING * * *
Throwing (i - inventory. (/) - cycle)
k - 4 boomerangs (quivered)
Press: ? - help, Shift-Dir - straight line, f/p - hippogriff
Aim: a hippogriff (moderately wounded)
You throw a boomerang.
The boomerang closely misses the hippogriff.
You block the hippogriff's attack. The hippogriff pecks you.
* * * LOW HITPOINT WARNING * * *
The hippogriff claws you.
* * * LOW HITPOINT WARNING * * *
Throwing (i - inventory. (/) - cycle)
k - 4 boomerangs (quivered)
Press: ? - help, Shift-Dir - straight line, f/p - hippogriff
Aim: a hippogriff (moderately wounded)
You throw a boomerang. The boomerang hits the hippogriff!
The hippogriff is severely wounded.
The hippogriff bites you but does no damage.
You block the hippogriff's attack. The hippogriff claws you.
* * * LOW HITPOINT WARNING * * *
Throwing (i - inventory. (/) - cycle)
k - 4 boomerangs (quivered)
Press: ? - help, Shift-Dir - straight line, f/p - hippogriff
Aim: a hippogriff (severely wounded)
You throw a boomerang.
The boomerang closely misses the hippogriff.
You block the hippogriff's attack. x2; The hippogriff closely misses you.
Throwing (i - inventory. (/) - cycle)
k - 4 boomerangs (quivered)
Press: ? - help, Shift-Dir - straight line, f/p - hippogriff
Aim: a hippogriff (severely wounded)
You throw a boomerang.
The boomerang closely misses the hippogriff.
The hippogriff bites you!
* * * LOW HITPOINT WARNING * * *
The hippogriff pecks you.
* * * LOW HITPOINT WARNING * * *
The hippogriff claws you!
* * * LOW HITPOINT WARNING * * *
Throwing (i - inventory. (/) - cycle)
k - 4 boomerangs (quivered)
Press: ? - help, Shift-Dir - straight line, f/p - hippogriff
Aim: a hippogriff (severely wounded)
You throw a boomerang.
The boomerang hits the hippogriff but does no damage.
The hippogriff is severely wounded.
The hippogriff bites you.
* * * LOW HITPOINT WARNING * * *
The hippogriff pecks you.
* * * LOW HITPOINT WARNING * * *
You block the hippogriff's attack.
Throwing (i - inventory. (/) - cycle)
k - 4 boomerangs (quivered)
Press: ? - help, Shift-Dir - straight line, f/p - hippogriff
Aim: a hippogriff (severely wounded)
You throw a boomerang. The boomerang hits the hippogriff!
The hippogriff is almost dead.
The hippogriff closely misses you. x2
The hippogriff claws you but does no damage.
Throwing (i - inventory. (/) - cycle)
k - 4 boomerangs (quivered)
Press: ? - help, Shift-Dir - straight line, f/p - hippogriff
Aim: a hippogriff (almost dead)
You throw a boomerang.
The boomerang barely misses the hippogriff.
The hippogriff bites you.
* * * LOW HITPOINT WARNING * * *
You block the hippogriff's attack. The hippogriff claws you.
You die...

.............##
....###.......####. ##
..#.#.............. .#
..........#.#^.### #.##
......#...#.#..#... ...
..........#.#..#.#.###.H#
..#.#.#...#....#.#...#..#
..#.#.#.....##.#.###.#..#
....#.#.........@H.(....#
....#.#.#...#..#.######.#
#.###...................#
....###.#......##########
#.#..............###
....#.###...)......#
..........###..###.#
..#.#.#........# #.#
#.#........###.# #.#


You could see a hippogriff.

Vanquished Creatures
  2 ogres (D:4)
  A bullfrog (D:4)
  A water moccasin zombie (D:5)
  A scorpion (D:4)
  A vampire bat (D:3)
  A crimson imp (D:5)
  2 hounds (D:4)
  4 orc wizards (D:5)
  A centaur skeleton (D:5)
  5 adders
  A shadow imp (D:3)
  2 oozes (D:3)
  An adder skeleton (D:4)
  2 worms
  6 dart slugs
  7 leopard geckos
  7 orcs
  20 bats
  6 giant cockroaches
  6 goblins
  8 hobgoblins
  5 kobolds
  2 quokkas
  3 ball pythons
  4 frilled lizards
  4 rats
103 creatures vanquished.

Notes
Turn   | Place    | Note
-------+----------+-------------------------------------------
     0 | D:1      | Amnesiac the Ogre Fighter began the quest for the Orb.
     0 | D:1      | Reached XP level 1. HP: 24/24 MP: 1/1
   102 | D:1      | Reached skill level 1 in Throwing
   102 | D:1      | Reached XP level 2. HP: 27/32 MP: 2/2
   414 | D:1      | Reached XP level 3. HP: 27/40 MP: 3/3
  1246 | D:2      | Reached XP level 4. HP: 42/49 MP: 4/4
  1771 | D:2      | Found a stormy altar of Qazlal.
  1988 | D:3      | Reached skill level 5 in Fighting
  2238 | D:3      | Reached XP level 5. HP: 53/57 MP: 5/5
  2809 | D:3      | Found a faded altar of an unknown god.
  2895 | D:4      | Found Japhuisou's General Store.
  2901 | D:4      | Bought a scroll of enchant weapon for 75 gold pieces
  2990 | D:4      | Reached XP level 6. HP: 63/66 MP: 6/6
  3056 | D:4      | Reached skill level 6 in Fighting
  3321 | D:4      | Reached skill level 5 in Throwing
  3321 | D:4      | Reached XP level 7. HP: 38/75 MP: 7/7
  3329 | D:4      | Found a hide-covered altar of Uskayaw.
  3743 | D:4      | Found a burning altar of Makhleb.
  3744 | D:4      | Found a radiant altar of Vehumet.
  3777 | D:4      | Found a sacrificial altar of Ru.
  3779 | D:4      | Found a glowing golden altar of the Shining One.
  3869 | D:4      | Found an ancient bone altar of Kikubaaqudgha.
  4096 | D:5      | Entered Level 5 of the Dungeon
  4421 | D:5      | Found a shimmering altar of Xom.
  4454 | D:5      | Found a stormy altar of Qazlal.
  4568 | D:5      | Reached skill level 1 in Evocations
  5030 | D:5      | Noticed a hippogriff
  5052 | D:5      | HP: 2/76 [hippogriff (4)]
  5052 | D:5      | Slain by a hippogriff

Levels and vault maps discovered:
D:1:      ncdulo_lavacross, layout_loops_corners, minmay_misc_feat_roman,
          chequers_serial_rivers_small_a, minmay_3d_cube
D:2:      layout_loops_cross, marbit_many_paths, minmay_ruptured
D:3:      layout_loops_corners, chequers_ecumenical_altar_twisty,
          roderic_batcave, minmay_fountain_box
D:4:      layout_basic, lemuel_doored_altar, nicolae_overflow_hidden_temple,
          kennysheep_mini_moat, first_ration, serial_shops,
          nicolae_shop_statue_plus, minmay_cut_off
D:5:      layout_basic, basic_altar, nicolae_qazlal_general_emergency

Skill      XL: |  1  2  3  4  5  6  7 |
---------------+----------------------+-----
Long Blades    | 2 |  2.0
Throwing       | 1 2 3 4 5 |  5.9
Fighting       | 5 6 |  6.7
Shields        | 3 4 |  4.3
Evocations     | 1 |  1.1
Dodging        | |  2.6

Action                   |  1- 3 |  4- 6 |  7- 9 || total
-------------------------+-------+-------+-------++-------
Melee: Long sword        |    65 |       |       ||    65
 Fire: Hunting sling     |    58 |   231 |   115 ||   404
Throw: Stone             |    44 |       |       ||    44
       Boomerang         |       |    22 |    72 ||    94
       Javelin           |       |     4 |     4 ||     8
  Use: Scroll            |       |     5 |       ||     5
       Potion            |       |       |     1 ||     1
  Eat: Chunk             |     1 |     6 |     1 ||     8
       Ration            |       |       |     1 ||     1
Armor: Robe              |    26 |    62 |    14 ||   102
Dodge: Dodged            |    44 |    58 |    34 ||   136
Block: Kite shield       |    37 |    70 |    46 ||   153
       Rpst.: Long sword |    14 |       |     3 ||    17

Table legend:
 A = Non-vault XP
 B = Vault XP
 C = Vault XP percentage of total XP
 D = Non-vault monster count
 E = Vault monster count
 F = Vault count percentage of total count
                 A         B        C        D         E       F
            +---------+---------+-------+---------+---------+-------
      Total |     954 |     185 |  16.2 |      86 |      17 |  16.5
            +---------+---------+-------+---------+---------+-------
        D:1 |      55 |      11 |  16.7 |      25 |       4 |  13.8
        D:2 |      30 |      29 |  49.2 |      12 |       3 |  20.0
        D:3 |      61 |      71 |  53.8 |      19 |       9 |  32.1
        D:4 |     460 |      74 |  13.9 |      14 |       1 |   6.7
        D:5 |     348 |       0 |   0.0 |      16 |       0 |   0.0
            +---------+---------+-------+---------+---------+-------
